 Dungeon Crawl Stone Soup version 0.21.1-1-g345015f (webtiles) character file.

48 Melicamp the Skirmisher (level 3, -7/23 HPs)
             Began as a Deep Elf Berserker on May 16, 2018.
             Was a Believer of Trog.
             Mangled by a gnoll
             ... wielding a +0 halberd
              (11 damage)
             ... on level 2 of the Dungeon.
             The game lasted 00:06:59 (1775 turns).

Melicamp the Skirmisher (Deep Elf Berserker)        Turns: 1775, Time: 00:07:00

Health: -7/23      AC:  2    Str: 14    XL:     3   Next: 50%
Magic:  5/5        EV: 13    Int: 11    God:    Trog [**....]
Gold:   34         SH:  0    Dex: 15    Spells: 2/2 levels left

rFire    . . .     SeeInvis .     - Unarmed
rCold    . . .     Gourm    .   (no shield)
rNeg     . . .     Faith    .   a - +0 animal skin
rPois    .         Spirit   .   (no helmet)
rElec    .         Reflect  .   (no cloak)
rCorr    .         Harm     .   (no gloves)
MR       ++...                  (no boots)
Stlth    +.........             (no amulet)
HPRegen  1.07/turn              (no ring)
MPRegen  0.09/turn              (no ring)

@: berserk cooldown, regenerating, slowed, very slow
A: no striking features
a: Berserk, Trog's Hand, Burn Spellbooks, Renounce Religion


You were on level 2 of the Dungeon.
You worshipped Trog.
Trog was pleased with you.
You were very hungry.

You visited 1 branch of the dungeon, and saw 2 of its levels.

You collected 34 gold pieces.

Inventory:

Missiles
 f - 15 stones (quivered)
 h - 60 sling bullets
 k - 13 arrows
Armour
 a - a +0 animal skin (worn)
Jewellery
 d - an uncursed amulet of harm {unknown}
   (You took it off a hobgoblin on level 2 of the Dungeon)
 i - an uncursed amulet of guardian spirit {unknown}
   (You found it on level 1 of the Dungeon)
 j - an uncursed amulet of guardian spirit {unknown}
   (You found it on level 1 of the Dungeon)
Scrolls
 l - a scroll of remove curse
Potions
 b - a potion of curing
 c - a potion of cancellation {unknown}
 e - a potion of lignification
 n - a potion of degeneration {unknown}
Comestibles
 g - 4 rations
 m - 3 chunks of flesh


   Skills:
 * Level 3.4 Fighting
 - Level 1.5 Armour
 - Level 2.4 Dodging
 + Level 2.9 Unarmed Combat


You had 2 spell levels left.
You didn't know any spells.

Dungeon Overview and Level Annotations

Branches:
Dungeon (2/15)

Altars:


Message History

You see here a scale mail.
The bat barely misses you. The bat misses you.
You barely miss the bat. The bat hits you.
You closely miss the bat. The bat barely misses you. The bat barely misses you.
The bat completely misses you. The bat barely misses you.
The bat closely misses you. The bat hits you but does no damage.
You hit the bat.
The bat is severely wounded.
The bat hits you but does no damage.
You closely miss the bat.
The bat is severely wounded.
The bat hits you but does no damage.
A red film seems to cover your vision as you go berserk!
You feel yourself moving faster!
You feel mighty!
You are feeling hungry.
The bat closely misses you.
You punch the bat!
You feel the power of Trog in you as your rage grows.
You kill the bat!
Trog accepts your kill.
You punch the hobgoblin!
You kill the hobgoblin!
Trog accepts your kill.
You start waiting.
Eating a chunk of flesh.
You eat the chunk of flesh.
This raw flesh tastes terrible.
You feel a strong urge to attack something.
You start waiting.
You feel your anger nearly subside.
You start waiting.
You are no longer berserk.
You are exhausted.
You feel yourself slow down.
You start waiting.
You feel yourself speed up.
You start waiting.
You recover from your berserk rage.
Okay, then.
d - a triangular golden amulet;
l - a scroll of remove curse
Things that are here:
a club; a hobgoblin corpse You butcher the hobgoblin corpse.
m - 3 chunks of flesh You see here a club.
You see here a scale mail.
There is an open door here.
You close the door.
g - 4 rations (gained 1)
Found a stone staircase leading up.
n - a glowing orange potion
Found a club.
You see here a club.
A gnoll comes into view. It is wielding a flail.
The gnoll shouts!
You hear a shout! x2; You hear a bark!
You hear a shout!
You hear a bark!
A red film seems to cover your vision as you go berserk!
You feel yourself moving faster!
You feel mighty!
You are feeling very hungry.
You feel a strong urge to attack something.
You punch the gnoll!
The gnoll is severely wounded.
The gnoll misses you.
A gnoll comes into view. It is wielding a halberd.
You barely miss the gnoll.
The gnoll is severely wounded.
You hit the gnoll.
You kill the gnoll!
Trog accepts your kill.
Things that are here:
a flail; a gnoll corpse You feel a strong urge to attack something.
The gnoll hits you from afar with a halberd!
You feel your anger nearly subside.
You are no longer berserk.
You are exhausted.
You feel yourself slow down.
An adder and a gnoll come into view.
The gnoll shouts!
The adder hisses angrily.
You hit the gnoll.
The gnoll is moderately wounded.
You hear a bark!
The gnoll hits you with a halberd!
The gnoll moves out of view.
The gnoll closely misses you.
You hit the gnoll but do no damage.
The gnoll is moderately wounded.
The gnoll hits you with a halberd!
* * * LOW HITPOINT WARNING * * *
Okay, then.
You hit the gnoll.
The gnoll is moderately wounded.
The gnoll closely misses you.
Your skin crawls.
You feel resistant to hostile enchantments.
You feel somewhat more hungry. The gnoll hits you with a halberd.
* * * LOW HITPOINT WARNING * * *
You hit the gnoll.
The gnoll is heavily wounded.
The gnoll hits you with a halberd!
You die...

#......#.#.#
#......#..)#
.......#...#####
.......#.......#
.....<.#...###.#
#.... #)#
####.##.# ..#.#
#.#@# .#g# #.gS#
...g..# ###....#
#...## ....
##.## #.


You could see 3 gnolls and an adder.

Vanquished Creatures
  2 gnolls
  2 ball pythons (D:1)
  A giant cockroach (D:1)
  3 hobgoblins
  3 jackals (D:1)
  5 bats
  A frilled lizard (D:1)
  3 goblins (D:1)
  4 kobolds
  3 rats
27 creatures vanquished.

Notes
Turn   | Place    | Note
-------+----------+-------------------------------------------
     0 | D:1      | Melicamp the Deep Elf Berserker began the quest for the Orb.
     0 | D:1      | Reached XP level 1. HP: 13/13 MP: 3/3
   168 | D:1      | Reached XP level 2. HP: 7/18 MP: 4/4
   544 | D:1      | Reached skill level 3 in Fighting
  1297 | D:1      | Reached XP level 3. HP: 23/23 MP: 5/5
  1481 | D:2      | Reached ** piety under Trog
  1772 | D:2      | HP: 1/23 [gnoll/halberd (8)]
  1775 | D:2      | Mangled by a gnoll

Skill      XL: |  1  2 |
---------------+-------+-----
Fighting       | 3 |  3.4
Armour         | |  1.5
Dodging        | |  2.4
Unarmed Combat | |  2.9

Action                   || total
-------------------------++-------
Melee: Unarmed           ||    96
       Punch             ||     1
Throw: Stone             ||     1
Invok: Berserk           ||     9
       Trog's Hand       ||     1
  Use: Scroll            ||     3
 Stab: Sleeping          ||     2
  Eat: Chunk             ||     7
       Ration            ||     1
Armor: Animal skin       ||    10
Dodge: Dodged            ||    65

Vault maps used:
D:1:      ncdulo_smallfort
D:2:      minitemple

Table legend:
 A = Turns spent in this place as a percentage of turns spent in the entire game.
 B = Non-inter-level travel turns spent in this place as a percentage of non-inter-level travel turns spent in the entire game.
 C = Inter-level travel turns spent in this place as a percentage of turns spent in this place.
 D = Turns resting spent in this place as a percentage of non-inter-level travel turns spent in this place.
 E = Turns spent auto-exploring this place as a percentage of non-inter-level travel turns spent in this place.
 F = Non-inter-level travel turns spent in this place divided by the number of levels of this place that you've seen.
                   A       B       C       D       E      F
               +-------+-------+-------+-------+-------+----------------------
         Total | 100.0 | 100.0 |   1.6 |  31.4 |  31.2 | 873.0
       Dungeon | 100.0 | 100.0 |   1.6 |  31.4 |  31.2 | 873.0
               +-------+-------+-------+-------+-------+----------------------

Table legend:
 A = Kills in this place as a percentage of kills in entire the game.
 B = Kills by you in this place as a percentage of kills by you in the entire game.
 C = Kills by friends in this place as a percentage of kills by friends in the entire game.
 D = Other kills in this place as a percentage of other kills in the entire game.
 E = Experience gained in this place as a percentage of experience gained in the entire game.
 F = Experience gained in this place divided by the number of levels of this place that you have seen.
                   A       B       C       D       E      F
               +-------+-------+-------+-------+-------+----------------------
         Total | 100.0 | 100.0 |   N/A |   N/A | 100.0 |  34.5
       Dungeon | 100.0 | 100.0 |   N/A |   N/A | 100.0 |  34.5
               +-------+-------+-------+-------+-------+----------------------
